BLB
PAWTUCKET PATRIOTS @ TORONTO CANADIANS
03/14/2060
 
TOP OF THE 1ST
Pawtucket Patriots batting - Pitching for Toronto Canadians : RHP Cyril Castellon
Pitching: RHP Cyril Castellon
Batting: SHB Cody Janway 0-0: Called Strike
0-1: Ball
1-1: Ground out 5-3 (Groundball, 56, EV 110.0 MPH)
Batting: RHB Keith Friday 0-0: Ball
1-0: Ball
2-0: DOUBLE (Groundball, 5L, EV 108.1 MPH)
Batting: LHB Ira Benda 0-0: Called Strike
0-1: Ball
1-1: Swinging Strike
1-2: Strikes out swinging
Batting: LHB Justin Knight 0-0: Foul Ball, location: 2F
0-1: Fly out, F4 (Popup, 4, EV 69.4 MPH)
Top of the 1st over - 0 runs, 1 hit, 0 errors, 1 left on base; Pawtucket 0 - Toronto 0
BOTTOM OF THE 1ST
Toronto Canadians batting - Pitching for Pawtucket Patriots : RHP LaVar Abrudan
Pitching: RHP LaVar Abrudan
Batting: RHB Olin Keele 0-0: Fly out, F9 (Flyball, 9LD, EV 102.5 MPH)
Batting: LHB Reese Bowman 0-0: Bunt for hit to 2R - play at first, batter OUT! 2-3
Batting: LHB Brian Wheat 0-0: Ball
1-0: Ground out 4-3 (Groundball, 34D, EV 80.6 MPH)
Bottom of the 1st over - 0 runs, 0 hits, 0 errors, 0 left on base; Pawtucket 0 - Toronto 0
TOP OF THE 2ND
Pawtucket Patriots batting - Pitching for Toronto Canadians : RHP Cyril Castellon
Batting: RHB Carter Kocher 0-0: Called Strike
0-1: Ball
1-1: Swinging Strike
1-2: Fly out, F8 (Flyball, 89M, EV 89.4 MPH)
Batting: RHB Brayden Carlson 0-0: Ball
1-0: Ball
2-0: Foul Ball, location: 2F
2-1: Ball
3-1: Base on Balls
Batting: RHB Burgess Nalivkin 0-0: Ball
1-0: Foul Ball, location: 2F
1-1: Fly out, F3 (Line Drive, 34, EV 66.2 MPH)
Lined into DP, U3 (Line Drive, 34, EV 68.1 MPH)
Top of the 2nd over - 0 runs, 0 hits, 0 errors, 0 left on base; Pawtucket 0 - Toronto 0
BOTTOM OF THE 2ND
Toronto Canadians batting - Pitching for Pawtucket Patriots : RHP LaVar Abrudan
Batting: LHB Kelvin Kenney 0-0: Foul Ball, location: 2F
0-1: Fly out, F6 (Popup, 15S, EV 95.0 MPH)
Batting: RHB Carlos Kinney 0-0: Called Strike
0-1: Ball
1-1: Foul Ball, location: 2F
1-2: Ball
2-2: Strikes out swinging
Batting: LHB Braden Tallman 0-0: Ball
1-0: Ball
2-0: Foul Ball, location: 2F
2-1: SINGLE (Groundball, 34D, EV 103.8 MPH)
Batting: RHB Keon Pryor 0-0: Ball
1-0: Called Strike
1-1: Called Strike
Braden Tallman steals 2nd base
1-2: Strikes out swinging
Bottom of the 2nd over - 0 runs, 1 hit, 0 errors, 1 left on base; Pawtucket 0 - Toronto 0
TOP OF THE 3RD
Pawtucket Patriots batting - Pitching for Toronto Canadians : RHP Cyril Castellon
Batting: RHB Brenden Morris 0-0: Ball
1-0: Ball
2-0: Called Strike
2-1: Ground out 6-3 (Groundball, 6M, EV 82.5 MPH)
Batting: RHB Tymell Wade 0-0: Called Strike
0-1: Fly out, F7 (Line Drive, 7S, EV 94.4 MPH)
Batting: SHB Cody Janway 0-0: Ball
1-0: Ball
2-0: Ball
3-0: Base on Balls
Batting: RHB Keith Friday 0-0: Called Strike
0-1: Ball
Cody Janway steals 2nd base
1-1: Ball
2-1: SINGLE (Groundball, 6M, EV 103.8 MPH)
Cody Janway to third
Runner from 3rd tries for Home, SAFE, throw by CF to home
Keith Friday to second
Batting: LHB Ira Benda 0-0: Called Strike
0-1: SINGLE (Groundball, 34D, EV 98.1 MPH)
Keith Friday to third
Runner from 3rd tries for Home, SAFE, throw by RF to home
Batting: LHB Justin Knight 0-0: Ball
1-0: Called Strike
1-1: Ball
2-1: Fly out, F5 (Popup, 5F, EV 56.9 MPH)
Top of the 3rd over - 2 runs, 2 hits, 0 errors, 1 left on base; Pawtucket 2 - Toronto 0
BOTTOM OF THE 3RD
Toronto Canadians batting - Pitching for Pawtucket Patriots : RHP LaVar Abrudan
Batting: RHB Julius Simpson 0-0: Called Strike
0-1: Ball
1-1: Ball
2-1: Ground out 5-3 (Groundball, 56, EV 77.5 MPH)
Batting: RHB Dave Root 0-0: Called Strike
0-1: Fly out, F7 (Flyball, 7D, EV 85.6 MPH)
Batting: RHB Olin Keele 0-0: Foul Ball, location: 2F
0-1: Ball
1-1: Foul Ball, location: 2F
1-2: Foul Ball, location: 2F
1-2: Strikes out looking
Bottom of the 3rd over - 0 runs, 0 hits, 0 errors, 0 left on base; Pawtucket 2 - Toronto 0
TOP OF THE 4TH
Pawtucket Patriots batting - Pitching for Toronto Canadians : RHP Cyril Castellon
Batting: RHB Carter Kocher 0-0: Ground out 6-3 (Groundball, 6, EV 83.8 MPH)
Batting: RHB Brayden Carlson 0-0: SOLO HOME RUN (Flyball, 7D, EV 96.9 MPH), Distance : 373 ft
Batting: RHB Burgess Nalivkin 0-0: Ball
1-0: Ball
2-0: Called Strike
2-1: Called Strike
2-2: SINGLE (Flyball, 3D, EV 91.9 MPH)
Batting: RHB Brenden Morris 0-0: Foul Ball, location: 2F
0-1: Called Strike
0-2: Strikes out swinging
Batting: RHB Tymell Wade 0-0: Ball
1-0: Foul Ball, location: 2F
1-1: Foul Ball, location: 2F
1-2: Ball
2-2: Ball
3-2: Strikes out swinging
Top of the 4th over - 1 run, 2 hits, 0 errors, 1 left on base; Pawtucket 3 - Toronto 0
BOTTOM OF THE 4TH
Toronto Canadians batting - Pitching for Pawtucket Patriots : RHP LaVar Abrudan
Batting: LHB Reese Bowman 0-0: Swinging Strike
0-1: Foul Ball, location: 2F
0-2: Ball
1-2: Strikes out swinging
Batting: LHB Brian Wheat 0-0: Ball
1-0: Called Strike
1-1: Ball
2-1: Ball
3-1: Foul Ball, location: 2F
3-2: Foul Ball, location: 2F
3-2: Base on Balls
Batting: LHB Kelvin Kenney 0-0: Ball
1-0: Called Strike
1-1: Called Strike
1-2: Ball
2-2: SINGLE (Line Drive, 7S, EV 84.4 MPH)
Brian Wheat to second
Runner from 2nd tries for 3rd, SAFE, throw by LF made to third
Batting: RHB Carlos Kinney 0-0: Swinging Strike
0-1: Swinging Strike
0-2: Strikes out swinging
Batting: LHB Braden Tallman 0-0: Called Strike
0-1: Foul Ball, location: 2F
0-2: Ball
1-2: Ball
2-2: Strikes out swinging
Bottom of the 4th over - 0 runs, 1 hit, 0 errors, 2 left on base; Pawtucket 3 - Toronto 0
TOP OF THE 5TH
Pawtucket Patriots batting - Pitching for Toronto Canadians : RHP Cyril Castellon
Pitching: RHP Dario Gibbs
Now at 1B: Dave Babb
Now at 2B: Jaboree Kafengauz
Now in LF: Ryan De Faria
Pinch Hitting: LHB Brandt Bagishaev 0-0: Ground out U3 (Groundball, 3, EV 90.6 MPH)
Pinch Hitting: RHB Paxton Barnett 0-0: Ball
1-0: Ball
2-0: Called Strike
2-1: SOLO HOME RUN (Line Drive, 7D, EV 96.9 MPH), Distance : 388 ft
Batting: LHB Ira Benda 0-0: Ball
1-0: Ball
2-0: Ball
3-0: Called Strike
3-1: Fly out, F8 (Flyball, 8LD, EV 101.2 MPH)
Batting: LHB Justin Knight 0-0: Foul Ball, location: 2F
0-1: Foul Ball, location: 2F
0-2: Foul Ball, location: 2F
0-2: Foul Ball, location: 2F
0-2: Ground out 6-3 (Groundball, 6S, EV 69.4 MPH)
Top of the 5th over - 1 run, 1 hit, 0 errors, 0 left on base; Pawtucket 4 - Toronto 0
BOTTOM OF THE 5TH
Toronto Canadians batting - Pitching for Pawtucket Patriots : RHP LaVar Abrudan
Now at 2B: Brayden Carlson
Now at SS: Paxton Barnett
Now in CF: Brandt Bagishaev
Batting: RHB Keon Pryor 0-0: Swinging Strike
0-1: Ball
1-1: Fly out, F4 (Popup, 34, EV 67.5 MPH)
Batting: RHB Julius Simpson 0-0: Ball
1-0: Ball
2-0: Ball
3-0: Base on Balls
Batting: RHB Dave Root 0-0: Ball
1-0: Foul Ball, location: 2F
1-1: Ball
2-1: Grounds into double play, 6-4-3 (Groundball, 6, EV 91.9 MPH)
Bottom of the 5th over - 0 runs, 0 hits, 0 errors, 0 left on base; Pawtucket 4 - Toronto 0
TOP OF THE 6TH
Pawtucket Patriots batting - Pitching for Toronto Canadians : RHP Dario Gibbs
Pinch Hitting: LHB Benjamin Guy 0-0: Ball
1-0: Foul Ball, location: 2F
1-1: Ball
2-1: Swinging Strike
2-2: Strikes out swinging
Pinch Hitting: RHB Scottie Viele 0-0: Called Strike
0-1: DOUBLE (Line Drive, 89D, EV 103.1 MPH)
Pinch Hitting: LHB Sayon Castillo 0-0: Ball
1-0: Foul Ball, location: 2F
1-1: Swinging Strike
1-2: Strikes out swinging
Batting: RHB Brenden Morris 0-0: Ball
1-0: Ball
2-0: Ball
3-0: Base on Balls
Pinch Hitting: RHB Vin Edwards 0-0: Ball
1-0: Ball
2-0: Ball
3-0: Called Strike
3-1: Fielders Choice at 2nd, 5-4 (Groundball, 56, EV 105.0 MPH)
Top of the 6th over - 0 runs, 1 hit, 0 errors, 2 left on base; Pawtucket 4 - Toronto 0
BOTTOM OF THE 6TH
Toronto Canadians batting - Pitching for Pawtucket Patriots : RHP LaVar Abrudan
Now at 1B: Sayon Castillo
Now at 2B: Scottie Viele
Now at 3B: Vin Edwards
Now in LF: Justin Knight
Now in RF: Benjamin Guy
Batting: RHB Jaboree Kafengauz 0-0: SINGLE (Groundball, 56D, EV 109.4 MPH)
Batting: RHB Dave Babb 0-0: Ball
1-0: Foul Ball, location: 2F
1-1: Fielders Choice at 2nd, 4-6 (Groundball, 4, EV 108.1 MPH)
Pinch Hitting: RHB Ricky Douglas 0-0: Ball
Dave Babb steals 2nd base
1-0: Ball
2-0: Called Strike
2-1: Swinging Strike
2-2: Ball
3-2: Base on Balls
Batting: LHB Kelvin Kenney 0-0: Foul Ball, location: 2F
0-1: Called Strike
0-2: Strikes out swinging
Pitching: RHP J.D. de Leon
Batting: RHB Ryan De Faria 0-0: Ball
1-0: Called Strike
1-1: Foul Ball, location: 2F
1-2: Ground out 1-3 (Groundball, 13S, EV 70.0 MPH)
Bottom of the 6th over - 0 runs, 1 hit, 0 errors, 2 left on base; Pawtucket 4 - Toronto 0
TOP OF THE 7TH
Pawtucket Patriots batting - Pitching for Toronto Canadians : RHP Dario Gibbs
Pitching: RHP Joey Fleury
Now in LF: Ricky Douglas
Now in CF: Ryan De Faria
Batting: LHB Brandt Bagishaev 0-0: Called Strike
0-1: Ball
1-1: Ball
2-1: Swinging Strike
2-2: Foul Ball, location: 2F
2-2: Foul Ball, location: 2F
2-2: Strikes out swinging
Batting: RHB Paxton Barnett 0-0: Ball
1-0: Foul Ball, location: 2F
1-1: Ball
2-1: Swinging Strike
2-2: Foul Ball, location: 2F
2-2: Strikes out swinging
Batting: SHB Xavier Amaro 0-0: Ball
1-0: Ball
2-0: Called Strike
2-1: Called Strike
2-2: SINGLE (Groundball, 4D, EV 106.9 MPH)
Batting: LHB Justin Knight 0-0: Foul Ball, location: 2F
0-1: Ball
1-1: Called Strike
1-2: Ball
2-2: Foul Ball, location: 2F
2-2: Ball
3-2: Fly out, F8 (Line Drive, 8LM, EV 91.2 MPH)
Top of the 7th over - 0 runs, 1 hit, 0 errors, 1 left on base; Pawtucket 4 - Toronto 0
BOTTOM OF THE 7TH
Toronto Canadians batting - Pitching for Pawtucket Patriots : RHP J.D. de Leon
Batting: LHB Romeo Nester 0-0: Foul Ball, location: 2F
0-1: Fly out, F8 (Line Drive, 8RM, EV 94.4 MPH)
Batting: RHB Keon Pryor 0-0: Called Strike
0-1: Fly out, F9 (Line Drive, 9, EV 84.4 MPH)
Batting: RHB Julius Simpson 0-0: DOUBLE (Line Drive, 7LS, EV 115.6 MPH)
Batting: RHB Dave Root 0-0: Ball
1-0: Ball
2-0: Called Strike
2-1: Fly out, F3 (Popup, 3, EV 76.2 MPH)
Bottom of the 7th over - 0 runs, 1 hit, 0 errors, 1 left on base; Pawtucket 4 - Toronto 0
TOP OF THE 8TH
Pawtucket Patriots batting - Pitching for Toronto Canadians : RHP Joey Fleury
Pitching: RHP Donavon Anway
Batting: LHB Benjamin Guy 0-0: Ball
1-0: Foul Ball, location: 2F
1-1: Ball
2-1: SINGLE (Groundball, P, EV 79.4 MPH) (infield hit)
Batting: RHB Scottie Viele 0-0: Ball
1-0: Swinging Strike
1-1: Ground out 4-3 (Groundball, 4, EV 81.9 MPH)
Benjamin Guy to second
Batting: LHB Sayon Castillo 0-0: Called Strike
0-1: Ground out 6-3 (Groundball, 6, EV 87.5 MPH)
Batting: RHB Brenden Morris 0-0: Ground out 6-3 (Groundball, 6, EV 83.1 MPH)
Top of the 8th over - 0 runs, 1 hit, 0 errors, 1 left on base; Pawtucket 4 - Toronto 0
BOTTOM OF THE 8TH
Toronto Canadians batting - Pitching for Pawtucket Patriots : RHP J.D. de Leon
Pitching: LHP Brendin Basham
Batting: RHB Jaboree Kafengauz 0-0: SINGLE (Groundball, 6D, EV 97.5 MPH)
Batting: RHB Dave Babb 0-0: Ball
1-0: Foul Ball, location: 2F
1-1: Grounds into double play, 5-4-3 (Groundball, 56S, EV 77.5 MPH)
Batting: RHB Ricky Douglas 0-0: Foul Ball, location: 2F
0-1: Ground out 1-3 (Groundball, 34S, EV 70.0 MPH)
Bottom of the 8th over - 0 runs, 1 hit, 0 errors, 0 left on base; Pawtucket 4 - Toronto 0
TOP OF THE 9TH
Pawtucket Patriots batting - Pitching for Toronto Canadians : RHP Donavon Anway
Pitching: RHP Owen Carr
Batting: RHB Vin Edwards 0-0: Ball
1-0: Fly out, F8 (Flyball, 8LD, EV 108.1 MPH)
Batting: LHB Brandt Bagishaev 0-0: Ball
1-0: Called Strike
1-1: Called Strike
1-2: Ball
2-2: Strikes out swinging
Batting: RHB Paxton Barnett 0-0: Called Strike
0-1: Ball
1-1: Ball
2-1: Ball
3-1: Fly out, F9 (Flyball, 9LM, EV 85.6 MPH)
Top of the 9th over - 0 runs, 0 hits, 0 errors, 0 left on base; Pawtucket 4 - Toronto 0
BOTTOM OF THE 9TH
Toronto Canadians batting - Pitching for Pawtucket Patriots : LHP Brendin Basham
Pitching: LHP Zachary Jackson
Batting: LHB Kelvin Kenney 0-0: Swinging Strike
0-1: Ball
1-1: Called Strike
1-2: Foul Ball, location: 2F
1-2: DOUBLE (Flyball, 8RXD, EV 93.8 MPH)
Batting: RHB Ryan De Faria 0-0: Called Strike
0-1: Ball
1-1: Foul Ball, location: 2F
1-2: Ball
2-2: Ball
3-2: Ground out 5-3 (Groundball, 56S, EV 86.9 MPH)
Batting: LHB Romeo Nester 0-0: Foul Ball, location: 2F
0-1: Ball
1-1: Ball
2-1: Ball
3-1: Base on Balls
Pitching: LHP Greg Batton
Batting: RHB Keon Pryor 0-0: DOUBLE (Flyball, 89D, EV 89.4 MPH)
Kelvin Kenney scores
Romeo Nester to third
Batting: RHB Julius Simpson 0-0: Called Strike
0-1: Ball
1-1: SINGLE (Line Drive, 56, EV 98.1 MPH)
Romeo Nester scores
Keon Pryor to third
Batting: RHB Dave Root 0-0: Ball
1-0: Ball
2-0: Ball
3-0: Called Strike
3-1: Base on Balls
Julius Simpson to second
Pinch Hitting: LHB Chase Calhoun 0-0: Fly out, F7 (Line Drive, 78M, EV 101.9 MPH)
Pinch Hitting: LHB Cory Petit 0-0: Ball
Wild Pitch!
Keon Pryor scores
Julius Simpson to third
Dave Root to second
1-0: Ball
2-0: Ball
3-0: Foul Ball, location: 2F
3-1: Foul Ball, location: 2F
3-2: Strikes out swinging
Bottom of the 9th over - 3 runs, 3 hits, 0 errors, 2 left on base; Pawtucket 4 - Toronto 3
Wednesday, April 17th , 2024 - OOTP Baseball 23.10 Build 110